 Dungeon Crawl Stone Soup version 0.31-a0-319-g4fced400ed (webtiles) character file.

Game seed: 91699424611324098

1821174 Charly the Middleweight Champion (level 26, 392/396 HPs)
             Began as a Black Draconian Shapeshifter on July 17, 2023.
             Was an Initiate of Gozag.
             Escaped with the Orb
             ... and 3 runes!
             The game lasted 03:26:25 (59375 turns).

Charly the Middleweight Champion (DrSh)            Turns: 59375, Time: 03:26:25

Health: 392/396    AC: 25    Str: 35    XL:     26   Next: 84%
Magic:  15/18      EV: 20    Int: 20    God:    Gozag
Gold:   2210       SH:  0    Dex: 16    Spells: 25/25 levels left

rFire   + +          .
                       - Unarmed
rCold   + . .        d - melded orb of New Discoveries {light, rPois rC+}
rNeg    . . .        (body armour unavailable)
rPois   +            t - melded +0 hat {SInv}
rElec   +            I - melded +2 cloak {rCorr}
rCorr   .            (gloves currently unavailable)
SInv    .            (boots currently unavailable)
Will    +....        Z - amulet of Vitality {RegenMP++ Regen++}
Stlth   +            l - ring "Gawor" {Contam rC+ EV+5 Str+3 Slay+3}
HPRegen 2.46/turn    f - ring "Honox" {rF++ Int+6}
MPRegen 0.96/turn

%: no passive effects
@: dragon-form, gold aura, flying, studying 2 skills, bribing [the Dungeon, the
Realm of Zot, the Depths]
A: dragon claw, dragon scales, flying, boosted hp, breathe lightning, AC +12,
giant, unfitting armour, (big wings), electricity resistance, (cold-blooded),
clever 1, low MP 2
0: Orb of Zot
}: 3/15 runes: barnacled, silver, gossamer
a: Breathe Lightning, Begin Untransformation, Renounce Religion, Potion
Petition, Call Merchant, Bribe Branch


You escaped.
You worshipped Gozag.
Gozag was most pleased with you.
You were a fearsome storm dragon!
You visited 9 branches of the dungeon, and saw 47 of its levels.
You also visited: Ice Cave and Desolation.

You collected 32767 gold pieces.
You spent 12230 gold pieces at shops.
You paid 18327 gold pieces to Gozag.

Inventory:

Missiles
 O - 15 throwing nets
Armour
 d - the orb of New Discoveries (melded) {light, rPois rC+}
   (You bought it in a shop on level 2 of the Orcish Mines)

   rC:        It protects you from cold.
   rPois:     It protects you from poison.
 t - a +0 hat of see invisible (melded)
 z - the +0 pair of gloves "Usinonk" {Rampage Slay+3}
   (You found it on level 3 of the Spider Nest)

   Slay:      It affects your accuracy & damage with ranged weapons and melee
   (+3).
   Rampage:   It bestows one free step when moving towards enemies.
 I - a +2 cloak of preservation (melded)
Jewellery
 f - the ring "Honox" (right foreclaw) {rF++ Int+6}
   (You found it in the Desolation of Salt)

   [ring of intelligence]

   Int:       It affects your intelligence (+6).
   rF:        It greatly protects you from fire.
 i - the ring "Inloowes" {rPois rF+ SInv}
   (You bought it in a shop on level 2 of the Orcish Mines)

   [ring of see invisible]

   rF:        It protects you from fire.
   rPois:     It protects you from poison.
   SInv:      It lets you see invisible.
 l - the ring "Gawor" (left foreclaw) {Contam rC+ EV+5 Str+3 Slay+3}
   (You bought it in a shop on level 2 of the Orcish Mines)

   [ring of evasion]

   EV:        It affects your evasion (+5).
   Str:       It affects your strength (+3).
   Slay:      It affects your accuracy & damage with ranged weapons and melee
   (+3).
   rC:        It protects you from cold.
   Contam:    It causes magical contamination when unequipped.
 m - a ring of willpower
 n - a ring of positive energy
 Y - the ring of Shadows {Umbra +Inv Stlth+}
   (You bought it in a shop on level 13 of the Dungeon)

   [ring of stealth]

   Umbra:     It surrounds you with an aura of shadow, increasing your stealth
   and reducing the accuracy of all others within it.
   +Inv:      It lets you turn invisible.
   Stlth:     It makes you more stealthy.
 Z - the amulet of Vitality (around neck) {RegenMP++ Regen++}
   (You found it on level 14 of the Dungeon)

   [amulet of magic regeneration]

   It increases your rate of magic regeneration.
   Regen:     It increases your rate of health regeneration.
Talismans
 b - a beast talisman
 q - a granite talisman
 J - a blade talisman
 K - a talisman of death
 T - a dragon-blood talisman
Wands
 a - a wand of iceblast (51) (quivered)
 s - a wand of paralysis (73)
 v - a wand of mindburst (8)
 P - a wand of digging (13)
 R - a wand of acid (26)
Scrolls
 g - 9 scrolls of fog
 h - 7 scrolls of butterflies
 k - 27 scrolls of teleportation
 r - 5 scrolls of poison
 x - 6 scrolls of blinking
 D - 12 scrolls of enchant armour
 G - 9 scrolls of fear
 S - 6 scrolls of immolation
 W - 9 scrolls of vulnerability
 X - 4 scrolls of silence
Potions
 c - 2 potions of invisibility
 e - 7 potions of magic
 j - 8 potions of brilliance
 o - 27 potions of curing
 p - 12 potions of ambrosia
 A - 4 potions of enlightenment
 C - 8 potions of mutation
 E - 11 potions of attraction
 F - 5 potions of cancellation
 H - 7 potions of resistance
 L - 2 potions of haste
 M - 8 potions of berserk rage
 Q - 14 potions of heal wounds
 U - 2 potions of might
Miscellaneous
 u - a lightning rod (4/4)
 w - a condenser vane
 B - a box of beasts
 N - a phantom mirror
 V - a phial of floods


   Skills:
 * Level 26.8 Fighting
 + Level 16.0 Dodging
 O Level 27 Unarmed Combat
 - Level 10.0 Evocations
 * Level 22.8 Shapeshifting


You had 25 spell levels left.
You didn't know any spells.
Your spell library contained the following spells:

 Spells                   Type           Power      Damage    Failure   Level
 Apportation              Tloc           0%         N/A       19%         1
 Foxfire                  Conj/Fire      0%         2x1d4     19%         1
 Kiss of Death            Conj/Necr      0%         2d5       19%         1
 Slow                     Hex            0%         N/A       19%         1
 Sting                    Tmut/Pois      0%         1d3       19%         1
 Summon Small Mammal      Summ           0%         N/A       19%         1
 Blink                    Tloc           0%         N/A       28%         2
 Cigotuvi's Dreadful Rot  Necr/Pois/Air  0%         N/A       28%         2
 Ensorcelled Hibernation  Hex/Ice        0%         N/A       28%         2
 Lesser Beckoning         Tloc           0%         N/A       28%         2
 Momentum Strike          Conj/Tloc      0%         3d8       28%         2
 Poisonous Vapours        Pois/Air       0%         N/A       28%         2
 Scorch                   Fire           0%         2d5       28%         2
 Static Discharge         Conj/Air       0%         2-2/arc   28%         2
 Sublimation of Blood     Necr           0%         N/A       28%         2
 Wereblood                Tmut           0%         N/A       28%         2
 Call Canine Familiar     Summ           0%         N/A       50%         3
 Confusing Touch          Hex            0%         N/A       50%         3
 Dazzling Flash           Conj/Hex       0%         N/A       50%         3
 Frozen Ramparts          Ice            0%         1d1       50%         3
 Gell's Gravitas          Tloc           0%         N/A       50%         3
 Hailstorm                Conj/Ice       0%         3d3       50%         3
 Ignite Poison            Fire/Tmut/Pois 0%         N/A       50%         3
 Inner Flame              Hex/Fire       0%         N/A       50%         3
 Mephitic Cloud           Conj/Pois/Air  0%         N/A       50%         3
 Ozocubu's Armour         Ice            0%         N/A       50%         3
 Portal Projectile        Hex/Tloc       0%         N/A       50%         3
 Stone Arrow              Conj/Erth      0%         3d7       50%         3
 Summon Guardian Golem    Hex/Summ       0%         N/A       50%         3
 Vampiric Draining        Necr           0%         2d6       50%         3
 Vhi's Electric Charge    Tloc/Air       0%         N/A       50%         3
 Volatile Blastmotes      Fire/Tloc      0%         2d10      50%         3
 Airstrike                Air            0%         2d(0-16)  88%         4
 Anguish                  Hex/Necr       0%         N/A       88%         4
 Dispel Undead            Necr           0%         3d6       88%         4
 Flame Wave               Conj/Fire      0%         2d4       88%         4
 Fulminant Prism          Conj/Hex       0%         3d5       88%         4
 Iskenderun's Mystic Bla  Conj/Tloc      0%         2d3       88%         4
 Leda's Liquefaction      Hex/Erth       0%         N/A       88%         4
 Manifold Assault         Tloc           0%         N/A       88%         4
 Passage of Golubria      Tloc           0%         N/A       88%         4
 Petrify                  Tmut/Erth      0%         N/A       88%         4
 Sticky Flame             Conj/Fire      0%         2d3       88%         4
 Summon Ice Beast         Ice/Summ       0%         N/A       88%         4
 Summon Lightning Spire   Summ/Air       0%         N/A       88%         4
 Agony                    Necr           0%         N/A       99%         5
 Alistair's Intoxication  Tmut/Pois      0%         N/A       99%         5
 Arcjolt                  Conj/Air       0%         1d10      99%         5
 Borgnjor's Vile Clutch   Necr/Erth      0%         N/A       99%         5
 Fireball                 Conj/Fire      0%         3d3       99%         5
 Freezing Cloud           Conj/Ice/Air   0%         6-21      99%         5
 Irradiate                Conj/Tmut      0%         3d11      99%         5
 Lee's Rapid Deconstruct  Erth           0%         3d4*      99%         5
 Metabolic Englaciation   Hex/Ice        0%         N/A       99%         5
 Silence                  Hex/Air        0%         N/A       99%         5
 Summon Mana Viper        Hex/Summ       0%         N/A       99%         5
 Yara's Violent Unravell  Hex/Tmut       0%         3d3       99%         5
 Death Channel            Necr           0%         N/A       100%        6
 Leda's Unmaking          Conj/Erth      0%         9d1       100%        6
 Plasma Beam              Fire/Air       0%         2x1d10    100%        6
 Starburst                Conj/Fire      0%         6d3       100%        6
 Summon Cactus Giant      Summ           0%         N/A       100%        6
 Enfeeble                 Hex            0%         N/A       100%        7
 Monstrous Menagerie      Summ           0%         N/A       100%        7
 Ozocubu's Refrigeration  Ice            0%         4d7       100%        7
 Summon Hydra             Summ           0%         N/A       100%        7
 Ignition                 Fire           0%         3d3       100%        8
 Lehudib's Crystal Spear  Conj/Erth      0%         10d2      100%        8
 Maxwell's Capacitive Co  Air            0%         ∞         100%        8
 Chain Lightning          Conj/Air       0%         N/A       100%        9
 Simulacrum               Ice/Necr       Unusable   N/A       N/A         6

Dungeon Overview and Level Annotations

Branches:
Dungeon (15/15)            Temple (0/1) D:7            Lair (5/5) D:10
 Shoals (4/4) Lair:3       Spider (4/4) Lair:3        Slime (0/5) Lair:4
    Orc (2/2) D:11            Elf (3/3) Orc:2        Vaults (5/5) D:13
  Crypt (0/3) Vaults:3     Depths (4/4) D:15            Zot (5/5) Depths:4
  IceCv (visited)         Desolation (visited)

Altars:
Ashenzari
Cheibriados
Dithmenos
Fedhas
Gozag
Kikubaaqudgha
Okawaru
Uskayaw
Xom
The Shining One

Shops:
D:1 =   D:7 =   D:8 *   D:10 !?   D:13 =   Orc:2 [*=*=   Elf:1 (   Elf:3 ==:(
Lair:4 !   Shoals:1 *   Vaults:1 (   Vaults:4 ?   Depths:1 :=?**?   Depths:2 *
Depths:3 !

Portals:
Hell: Depths:1 Depths:2 Depths:3 Depths:4
Abyss: Lair:4 Depths:3
Pandemonium: Depths:2
Ziggurat: Depths:3

Annotations:
Elf:2 3 runed translucent doors
Zot:4 4 runed translucent doors


Innate Abilities, Weirdness & Mutations

You are a fearsome storm dragon!
You have a powerful clawing attack.
Your giant scaled body is strong and resiliant, but less evasive.
Your breath weapon is enhanced in this form.
You are flying.
Your maximum health is greatly increased.
Your armour is entirely melded.
You are incapable of wielding weapons or throwing items.
You can breathe wild blasts of lightning.
Your glossy black scales are hard. (AC +12)
You cannot fit into any form of body armour.
((Your large and strong wings let you fly.))
You are resistant to electric shocks. (rElec)
((You are cold-blooded and may be slowed by cold attacks.))
Your mind is acute. (Int +4, Str/Dex -1)
Your magical capacity is very low. (-20% MP)


Message History

Where to? (Enter - D:1 @ (x,y), ? - help)
There is a stone staircase leading up here.
You fly upwards.
There is a stone staircase leading down here.
You swap places.
You see here a +0 scale mail.
The Orb Guardian stares, then turns away, jangling a coin purse.
An Orb Guardian comes into view.
You swap places.
(D) Dungeon (T) Temple (L) Lair (A) Shoals (N) Spider Nest (M) Slime Pits (O) Orcish Mines (E) Elven Halls (V) Vaults (C) Crypt (U) Depths (H) Hell (Z) Zot
Where to? (Enter - D:1 @ (x,y), ? - help)
There is a stone staircase leading up here.
You fly upwards.
There is a stone staircase leading down here.
An ice devil comes into view.
Your Orb Guardian hits the ice devil!
Something hits the ice devil!!
Something hits the ice devil!!
The ice devil dies!
There is a huge open gate here.
Deactivating autopickup; reactivate with Ctrl-A.
You miss something. You tail-slap something. You claw something!!
You maul something!!!
Your bite misses something. You completely miss something.
Your claw misses something. Something barely misses you.
You hit something. Your claw misses something.
You hit something but do no damage. Something hits you!!
You feel your power leaking away.
You closely miss something. You tail-slap something.
Your claw misses something. Your bite misses something.
You barely miss something. You bite something!
Reactivating autopickup.
You feel a bit more experienced.
Your Dodging skill increases to level 16!
You now have 2210 gold pieces (gained 8).
There is a staircase leading out of the dungeon here.
You have escaped!

#.....######.#######
### #.###.# ###..#
##...#.# #....#
..#....# #..#.#
..+..#####....#
..#..# #.....#
.....# #...######
....#####...)....#
...[.$......'.8.D#
............'.8X.#
##.##.####..'....#
..>.....##..######
....###.##....#
###.###....#..# #
#....#####..# #
####.# #..# # #.#
##.#


You could see a friendly Orb Guardian.

Vanquished Creatures
  A dread lich (Zot:5)
  An ancient lich (Zot:5)
  10 orbs of fire
  Sojobo (Vaults:3)
  Bai Suzhen (Elf:3)
  Vv (Depths:3)
  14 Killer Klowns
  Saint Roka (Vaults:3)
  A shard shrike (IceCv)
  3 curse toes
  A caustic shrike (Depths:2)
  11 golden dragons
  A pandemonium lord (Zot:3)
  Nikola (Spider:1)
  The ghost of Vruhak the Impregnable, a veteran FoHu of Hepliaklqana (Depths:4)
  A bone dragon (Depths:4)
  Arachne (Spider:4)
  3 electric golems
  Rupert (Lair:5)
  A walking earthen tome (Depths:3)
  3 liches
  26 Orb Guardians (Zot:5)
  Zenata (Vaults:1)
  21 tentacled monstrosities
  6 deep elf blademasters (Elf:3)
  4 deep elf master archers (Elf:3)
  Asterion (Vaults:2)
  4 titans
  8 quicksilver dragons
  Polyphemus (Shoals:3)
  5 death cobs
  2 krakens (Shoals:4)
  10 sphinxes
  11 storm dragons
  Gastronok (Lair:2)
  9 fire giants
  9 tengu reavers
  8 draconian monks
  Aizul (Depths:1)
  An azure jelly (Spider:1)
  Donald (Shoals:4)
  5 shadow dragons
  A daeva (Depths:3)
  4 draconian knights
  8 deep elf sorcerers
  12 frost giants
  2 emperor scorpions (Spider:4)
  The ghost of Rethriojy the Scorcher, an adept GrEE of Vehumet (Spider:3)
  An iron dragon (Depths:2)
  2 ghost moths (shapeshifter)
  9 draconian scorchers
  An imperial myrmidon (Desolation)
  4 ghost moths
  17 vault wardens
  An orc warlord (Vaults:1)
  4 deep elf elementalists
  4 draconian stormcallers
  An angel (Depths:3)
  A draconian shifter (Zot:3)
  4 spriggan defenders
  21 ironbound preservers
  A cacodemon (D:5)
  3 formless jellyfish (Vaults:4)
  A broodmother (Spider:3)
  17 stone giants
  4 war gargoyles
  6 ironbound thunderhulks
  3 vampire knights
  8 draconian annihilators
  16 very ugly things
  3 deep elf demonologists
  6 green draconians
  4 dire elephants (Vaults:3)
  9 black draconians
  A lorocyproca (D:1)
  3 halazid warlocks (Desolation)
  18 white draconians
  A demonspawn black sun (Zot:5)
  11 red draconians
  10 yellow draconians
  11 spark wasps
  3 purple draconians
  4 deep elf annihilators (Elf:3)
  The ghost of Biomun the Black Belt, a journeyman DgFi (Lair:4)
  Snorg (Orc:1)
  7 merfolk javelineers
  16 ettins
  6 deep elf death magi
  3 mummy priests (D:14)
  An eidolon (Vaults:3)
  The ghost of hackum the Nimble, a journeyman OpFi of Gozag (Lair:2)
  24 yaktaur captains
  3 great orbs of eyes
  4 ragged hierophants (Desolation)
  An entropy weaver (shapeshifter) (D:14)
  11 fire dragons
  Josephine (Lair:4)
  8 entropy weavers
  9 merfolk impalers
  3 deep elf high priests
  4 crystal guardians
  29 vault guards
  5 servants of whispers (Desolation)
  3 rakshasas
  3 spectral krakens (Shoals:3)
  10 hydras
  3 spriggan air magi (Depths:4)
  3 alligator snapping turtles
  8 ice dragons
  7 ogre magi
  12 ironbound frosthearts
  12 boulder beetles
  9 peacekeepers
  2 death knights
  3 radroaches
  2 jorogumos
  6 catoblepae
  21 two-headed ogres
  21 centaur warriors
  2 ghost crabs (Shoals:3)
  4 merfolk avatars
  A two-headed ogre (shapeshifter) (Depths:2)
  4 merfolk aquamancers
  The ghost of Takeo the Mimic, a novice DrSh (D:9)
  9 deep troll shamans
  8 tengu warriors
  20 death yaks
  12 deep troll earth magi
  8 demonic crawlers
  2 satyrs (Shoals:2)
  12 dancing weapons
  2 shock serpents (shapeshifter) (Vaults:5)
  6 vampire magi
  A thrashing horror (Lair:4)
  A hell knight (Vaults:5)
  An orc high priest (Elf:3)
  A soul eater (Zot:5)
  5 deep elf knights (Elf:2)
  11 spriggan berserkers
  Nergalle (Lair:1)
  Amaemon (Lair:1)
  8 large abominations (Depths:3)
  11 skysharks
  A sun moth (Spider:4)
  2 sixfirhies
  2 shadow wraiths (Vaults:5)
  A salamander mystic (Depths:3)
  14 iron trolls
  3 pharaoh ants
  Lodul (D:11)
  9 orb spiders
  8 deep elf archers
  5 glowing orange brains
  13 sea snakes
  6 wizards
  A flayed ghost (Depths:1)
  A sea snake (shapeshifter) (Vaults:5)
  58 deep trolls
  10 ironbound convokers
  A tengu zombie (Depths:2)
  A swamp dragon (shapeshifter) (Vaults:5)
  8 steelbarb worms
  An orange crystal statue (IceCv)
  28 harpies
  An orb spider (shapeshifter) (Depths:3)
  3 phantasmal warriors
  A wolf spider (shapeshifter) (Depths:2)
  3 lindwurms (Vaults:1)
  9 orc knights
  Pikel (D:5)
  13 deep elf zephyrmancers
  A sphinx zombie (Depths:2)
  36 ugly things
  18 deep elf pyromancers
  4 oklob plants
  4 salamanders
  13 wolf spiders
  18 manticores
  A worldbinder (Lair:4)
  A shining eye (shapeshifter) (Depths:3)
  2 necromancers (Depths:2)
  4 orc sorcerers
  An iron dragon skeleton (Depths:2)
  A faun (shapeshifter) (Depths:3)
  7 cyclopes
  A black mamba (shapeshifter) (Spider:2)
  11 merfolk sirens
  32 moths of wrath
  16 fauns
  10 vault sentinels
  4 elephants (Lair:5)
  5 water nymphs
  6 black mambas
  A rust devil (Depths:4)
  6 torpor snails
  A gargoyle (D:12)
  18 cane toads
  2 orange demons
  4 unseen horrors
  Psyche (D:8)
  5 komodo dragons
  39 yaktaurs
  4 freezing wraiths
  13 rime drakes
  2 kobold demonologists (D:9)
  A tengu conjurer (Depths:4)
  An ice devil (Lair:4)
  4 spectral merfolk (Shoals:3)
  A spectral water nymph (Shoals:3)
  10 wind drakes
  5 guardian mummies
  3 harpy zombies (Shoals:2)
  9 trolls
  2 spriggan skeletons (Depths:2)
  31 merfolk
  A hellwing (Zot:5)
  A queen bee (Lair:2)
  21 polar bears
  11 meliai
  10 hornets
  33 saltlings (Desolation)
  10 tarantellas
  16 dream sheep
  5 snapping turtles
  15 blink frogs
  4 small abominations
  6 spriggans
  26 jumping spiders
  19 slime creatures
  A spectral wind drake (Shoals:3)
  17 water elementals
  2 shadows
  8 wraiths
  2 spriggans (shapeshifter) (Vaults:5)
  3 wyverns
  5 culicivoras
  62 yaks
  A vampire (D:11)
  Grum (Lair:1)
  A basilisk (Lair:1)
  A chaos spawn (Depths:3)
  2 neqoxecs
  3 steam dragons
  A fire elemental (Elf:3)
  A redback (shapeshifter) (Depths:4)
  19 redbacks
  16 vampire mosquitoes
  3 wargs
  Menkaure (D:14)
  2 acid dragons
  2 glowing shapeshifter zombies (Depths:2)
  19 water moccasins
  A human skeleton (Depths:2)
  2 spectral snapping turtles (Shoals:3)
  2 floating eyes
  28 orc warriors
  A swamp drake (D:8)
  An ice beast (D:6)
  35 ogres
  3 sky beasts
  A manticore zombie (Shoals:2)
  A black bear (D:8)
  5 boggarts (Vaults:4)
  17 wolves
  15 centaurs
  3 lemures
  9 kobold brigands
  A phantom (D:6)
  13 bullfrogs
  3 scorpions
  7 earth elementals
  A ballistomycete (Lair:5)
  15 killer bees
  A killer bee (shapeshifter) (Vaults:5)
  An electric eel (Spider:2)
  2 howler monkeys (D:9)
  15 orc priests
  Crazy Yiuf (D:5)
  2 hounds
  2 sleepcaps (D:5)
  2 iguanas
  25 orc wizards
  11 hell rats
  4 mummies (D:14)
  6 gnolls
  10 adders
  A river rat (D:4)
  A shadow imp (D:7)
  A white imp (D:5)
  2 ufetubi
  2 worms
  97 orcs
  6 ball pythons
  5 bats
  6 endoplasms
  6 giant cockroaches
  2 hobgoblins
  4 jackals (D:3)
  5 quokkas
  4 frilled lizards
  8 goblins
  20 kobolds
  3 rats
  3 ballistomycete spores (Lair:5)
  7 butterflies (Zot:4)
  3 tentacles (Shoals:3)
2177 creatures vanquished.

Vanquished Creatures (collateral kills)
  A merfolk javelineer (Shoals:4)
  A merfolk impaler (Shoals:1)
  A centaur warrior (Vaults:3)
  A phantasmal warrior (Depths:1)
  An ice devil (D:1)
  A yaktaur (Vaults:3)
  3 merfolk (Shoals:1)
9 creatures vanquished.

Vanquished Creatures (others)
  A large abomination (D:14)
  A saltling (Desolation)
  An orc priest (Orc:1)
  2 ballistomycete spores (Lair:5)
  40 tentacles
45 creatures vanquished.

Grand Total: 2231 creatures vanquished

Notes
Turn   | Place    | Note
-------+----------+-------------------------------------------
     0 | D:1      | Charly the Draconian Shapeshifter began the quest for the
                  | Orb.
     0 | D:1      | Reached XP level 1. HP: 17/17 MP: 1/1
   247 | D:1      | Found Pileemp's Jewellery Boutique.
   264 | D:1      | Reached XP level 2. HP: 25/25 MP: 2/2
   749 | D:2      | Found a faded altar of an unknown god.
   842 | D:2      | Reached skill level 3 in Unarmed Combat
   972 | D:2      | Reached XP level 3. HP: 19/30 MP: 3/3
  1699 | D:3      | Reached XP level 4. HP: 38/38 MP: 4/4
  2223 | D:4      | Reached skill level 4 in Unarmed Combat
  2277 | D:4      | Found an ancient bone altar of Kikubaaqudgha.
  2287 | D:4      | Found an iron altar of Okawaru.
  2289 | D:4      | Found a blossoming altar of Fedhas.
  2344 | D:4      | Noticed Edmund
  2346 | D:4      | Edmund changed into Edmund the warg
  2346 | D:4      | Noticed Edmund
  2355 | D:4      | Killed Edmund the warg
  2356 | D:4      | Reached skill level 1 in Evocations
  2356 | D:4      | Reached XP level 5. HP: 46/46 MP: 5/5
  2424 | D:4      | Reached skill level 5 in Unarmed Combat
  2424 | D:4      | Reached XP level 6. HP: 19/52 MP: 6/6
  2668 | D:4      | Found an opulent altar of Gozag.
  2670 | D:4      | Found a broken altar of Ashenzari.
  2865 | D:5      | Entered Level 5 of the Dungeon
  3035 | D:4      | Became a worshipper of Gozag Ym Sagoz the Greedy
  3096 | D:5      | Noticed Pikel
  3260 | D:5      | Paralysed by Pikel for 3 turns
  3269 | D:5      | Paralysed by Pikel for 5 turns
  3277 | D:5      | Paralysed by Pikel for 3 turns
  3282 | D:5      | Killed Pikel
  3283 | D:5      | Reached skill level 5 in Fighting
  3283 | D:5      | Reached skill level 6 in Unarmed Combat
  3283 | D:5      | Your scales start taking on a glossy black colour.
  3283 | D:5      | Reached XP level 7. HP: 50/61 MP: 7/7
  3283 | D:5      | Gained mutation: You are resistant to electric shocks.
                  | (rElec) [Black Draconian growth]
  3689 | D:5      | Reached skill level 7 in Unarmed Combat
  3732 | D:5      | Reached XP level 8. HP: 67/70 MP: 8/8
  4087 | D:5      | Found a runed translucent door.
  4088 | D:5      | Noticed Crazy Yiuf
  4559 | D:6      | Reached skill level 8 in Unarmed Combat
  5080 | D:7      | Found Valyat's Jewellery Boutique.
  5187 | D:7      | Found a hide-covered altar of Uskayaw.
  5240 | D:7      | Reached skill level 5 in Evocations
  5400 | D:7      | Found a staircase to the Ecumenical Temple.
  5431 | D:7      | Found a snail-covered altar of Cheibriados.
  5576 | D:7      | Reached XP level 9. HP: 79/79 MP: 9/9
  5620 | D:7      | Reached skill level 9 in Unarmed Combat
  5918 | D:8      | Noticed Psyche
  5922 | D:8      | Killed Psyche
  6336 | D:8      | Found Uraoweax's General Store.
  6351 | D:8      | Bought a scroll of fear for 52 gold pieces
  6351 | D:8      | Bought a wand of iceblast (3) for 93 gold pieces
  6472 | D:8      | Noticed Joseph
  6473 | D:8      | Joseph changed into Joseph the blink frog
  6473 | D:8      | Noticed Joseph
  6479 | D:8      | Killed Joseph the blink frog
  6626 | D:8      | Noticed Maurice
  6627 | D:8      | Maurice changed into Maurice the polar bear
  6627 | D:8      | Noticed Maurice
  6630 | D:8      | Killed Maurice the polar bear
  6631 | D:8      | Reached skill level 10 in Unarmed Combat
  6764 | D:9      | Found a runed translucent gate.
  6764 | D:9      | Found a runed translucent gate.
  6766 | D:9      | Found a runed translucent gate.
  6768 | D:9      | Noticed a kobold demonologist
  6785 | D:9      | Reached skill level 5 in Shapeshifting
  6787 | D:9      | Noticed a kobold demonologist
  6900 | D:9      | Noticed a two-headed ogre
  6910 | D:9      | Killed a two-headed ogre
  6911 | D:9      | Reached XP level 10. HP: 89/89 MP: 10/10
  7252 | D:9      | Noticed Takeo's ghost (novice DrSh)
  7259 | D:9      | Identified the +3 quarterstaff of Cizowov {elec, rC+}
  7492 | D:1      | Bought a +4 ring of protection for 432 gold pieces
  7711 | D:9      | Reached skill level 11 in Unarmed Combat
  8075 | D:10     | Entered Level 10 of the Dungeon
  8422 | D:10     | Noticed an oklob plant
  8598 | D:10     | Found a staircase to the Lair.
  8839 | D:10     | Found a glowing golden altar of the Shining One.
  9300 | D:1      | Bought a serpent talisman for 480 gold pieces
  9520 | D:10     | Killed an oklob plant
  9555 | Lair:1   | Entered Level 1 of the Lair of Beasts
  9555 | Lair:1   | Noticed a cane toad
  9561 | Lair:1   | Reached XP level 11. HP: 96/97 MP: 11/11
  9615 | Lair:1   | Reached skill level 12 in Unarmed Combat
  9701 | Lair:1   | Noticed Maggie
  9702 | Lair:1   | Maggie changed into Maggie the sky beast
  9702 | Lair:1   | Noticed Maggie
  9707 | Lair:1   | Killed Maggie the sky beast
  9911 | Lair:1   | Noticed Grum
  9912 | Lair:1   | Noticed Nergalle
  9933 | Lair:1   | Killed Grum
 10087 | Lair:1   | Killed Nergalle
 10194 | Lair:1   | Reached skill level 10 in Fighting
 10217 | Lair:1   | Noticed a boulder beetle
 10228 | Lair:1   | Killed a boulder beetle
 10545 | Lair:1   | Reached skill level 13 in Unarmed Combat
 11179 | Lair:2   | Noticed Gastronok
 11283 | Lair:2   | Noticed Amaemon
 11286 | Lair:2   | Noticed a boulder beetle
 11292 | Lair:1   | Killed Amaemon
 11293 | Lair:1   | Reached XP level 12. HP: 107/107 MP: 12/12
 11314 | Lair:2   | Noticed hackum's ghost (journeyman OpFi)
 11314 | Lair:2   | Found a transporter.
 11314 | Lair:2   | Found a transporter.
 11604 | Lair:2   | Killed a boulder beetle
 12125 | Lair:2   | You fall into a shaft and drop 1 floor!
 12145 | Lair:3   | Reached skill level 14 in Unarmed Combat
 12160 | Lair:3   | Noticed a seven-headed hydra
 12211 | Lair:3   | Killed a seven-headed hydra
 12249 | Lair:3   | Reached skill level 10 in Shapeshifting
 12560 | Lair:3   | Noticed a catoblepas
 12570 | Lair:3   | Killed a catoblepas
 12695 | Lair:3   | Noticed a six-headed hydra
 12706 | Lair:3   | Killed a six-headed hydra
 12855 | Lair:3   | Found a staircase to the Shoals.
 12950 | Lair:3   | Found a hole to the Spider Nest.
 13183 | D:8      | Bought a potion of invisibility for 104 gold pieces
 13222 | D:7      | Bought a ring of protection from fire for 275 gold pieces
 13331 | Lair:2   | Noticed a death yak
 13331 | Lair:2   | Noticed a death yak
 13331 | Lair:2   | Noticed a death yak
 13351 | Lair:2   | Killed a death yak
 13354 | Lair:2   | Noticed a death yak
 13365 | Lair:2   | Killed a death yak
 13374 | Lair:2   | Killed a death yak
 13381 | Lair:2   | Killed a death yak
 13382 | Lair:2   | Reached XP level 13. HP: 109/116 MP: 13/13
 13741 | Lair:2   | Killed Gastronok
 13742 | Lair:2   | Reached skill level 15 in Unarmed Combat
 13845 | Lair:4   | Bought a potion of resistance for 130 gold pieces
 13845 | Lair:4   | Bought a potion of berserk rage for 65 gold pieces
 13845 | Lair:4   | Bought a potion of might for 52 gold pieces
 13845 | Lair:4   | Bought a potion of enlightenment for 65 gold pieces
 13845 | Lair:4   | Bought a potion of curing for 39 gold pieces
 13845 | Lair:4   | Bought a potion of curing for 39 gold pieces
 13866 | Lair:4   | Found a transporter.
 14226 | Lair:4   | Noticed Josephine
 14244 | Lair:4   | Killed Josephine
 14619 | Lair:4   | Found a transporter.
 14621 | Lair:4   | Found a one-way gate to the infinite horrors of the Abyss.
 14621 | Lair:4   | Noticed Biomun's ghost (journeyman DgFi)
 15036 | Lair:4   | Found a staircase to the Slime Pits.
 15148 | Lair:5   | Entered Level 5 of the Lair of Beasts
 15380 | Lair:5   | Reached skill level 16 in Unarmed Combat
 16123 | Lair:5   | Noticed Rupert
 16148 | Lair:5   | Gained mutation: Your large and strong wings let you fly.
                  | [Black Draconian growth]
 16148 | Lair:5   | Reached XP level 14. HP: 91/124 MP: 14/14
 16162 | Lair:5   | Killed Rupert
 16916 | Lair:5   | Identified the +1 plate armour of Catatonia {rC++}
 16996 | Lair:5   | Reached skill level 17 in Unarmed Combat
 17746 | D:7      | Bought a dragon-blood talisman for 880 gold pieces
 18010 | D:1      | Bought a +5 ring of evasion for 432 gold pieces
 18786 | D:5      | Killed Crazy Yiuf
 18937 | D:11     | Noticed Lodul
 18954 | D:11     | Killed Lodul
 19325 | D:11     | Found a staircase to the Orcish Mines.
 19946 | Lair:4   | Bought 2 potions of invisibility for 208 gold pieces
 20727 | D:13     | Bought the ring of Shadows {Umbra +Inv Stlth+} for 400 gold
                  | pieces
 20727 | D:13     | Found the ring of Shadows {Umbra +Inv Stlth+}
 20764 | D:13     | Reached skill level 18 in Unarmed Combat
 21382 | D:13     | Reached XP level 15. HP: 130/130 MP: 11/15
 21562 | D:13     | Found a gate to the Vaults.
 23070 | D:14     | Found the amulet of Vitality {RegenMP++ Regen++}
 23072 | D:14     | Noticed Menkaure
 23345 | D:14     | Killed Menkaure
 23774 | D:15     | Entered Level 15 of the Dungeon
 23818 | D:15     | Found a shadowy altar of Dithmenos.
 23911 | D:15     | Found a staircase to the Depths.
 23917 | D:15     | Reached skill level 19 in Unarmed Combat
 23975 | D:15     | Found a faded altar of an unknown god.
 24299 | D:15     | Reached skill level 15 in Shapeshifting
 24825 | Lair:2   | Killed hackum's ghost
 25295 | Orc:1    | Entered Level 1 of the Orcish Mines
 25324 | Orc:1    | Paralysed by an orc sorcerer for 2 turns
 25694 | Orc:2    | Entered Level 2 of the Orcish Mines
 25726 | Orc:2    | Found Dofiury's Antique Armour Boutique.
 25726 | Orc:2    | Found Pazaid's Jewellery Emporium.
 25728 | Orc:2    | Found Roralik's Assorted Antiques.
 25728 | Orc:2    | Found Vuavupn's General Store.
 25760 | Orc:2    | Reached XP level 16. HP: 139/139 MP: 16/16
 26044 | Orc:2    | Found a staircase to the Elven Halls.
 26067 | Orc:1    | Noticed Snorg
 26074 | Orc:1    | Killed Snorg
 26462 | Orc:2    | Bought a twisted orb for 448 gold pieces
 26462 | Orc:2    | Identified the orb of New Discoveries {light, rPois rC+}
                  | (You bought it in a shop on level 2 of the Orcish Mines)
 26462 | Orc:2    | Bought a scroll of teleportation for 96 gold pieces
 26463 | Orc:2    | Bought a potion of haste for 150 gold pieces
 26463 | Orc:2    | Bought a potion of resistance for 150 gold pieces
 26465 | Orc:2    | Bought the ring "Gawor" {Contam rC+ EV+5 Str+3 Slay+3} for
                  | 949 gold pieces
 26471 | Orc:2    | Bought the ring "Inloowes" {rPois rF+ SInv} for 498 gold
                  | pieces
 26671 | Spider:1 | Entered Level 1 of the Spider Nest
 26736 | Spider:1 | Noticed Nikola
 26761 | Spider:1 | Killed Nikola
 26814 | Spider:1 | Found a frozen archway.
 26824 | IceCv    | Entered an ice cave
 26961 | IceCv    | Reached skill level 20 in Unarmed Combat
 27160 | IceCv    | Noticed a shard shrike
 27174 | IceCv    | Killed a shard shrike
 27238 | IceCv    | Got Giptal's Compendium of Hurting and Inhalation
 27244 | IceCv    | Reached skill level 5 in Dodging
 27244 | IceCv    | Reached XP level 17. HP: 151/151 MP: 17/17
 27966 | Spider:2 | Noticed Agnes
 27981 | Spider:2 | Agnes changed into Agnes the manticore
 27981 | Spider:2 | Noticed Agnes
 27984 | Spider:2 | Killed Agnes the manticore
 29145 | Spider:3 | Found a runed translucent door.
 29147 | Spider:3 | Noticed Rethriojy's ghost (adept GrEE)
 29149 | Spider:3 | Found the +7 captain's cutlass {speed, disarm}
 29269 | Spider:3 | Reached XP level 18. HP: 160/160 MP: 18/18
 29352 | Spider:3 | Identified the +0 pair of gloves "Usinonk" {Rampage Slay+3}
 29372 | Spider:3 | Killed Rethriojy's ghost
 29375 | Spider:3 | Identified the +3 whip "Xydup" {drain, +Blink}
 29378 | Spider:3 | Identified the +1 robe "Aceh" {SInv}
 29556 | Spider:4 | Entered Level 4 of the Spider Nest
 29961 | Spider:4 | Got a gossamer rune of Zot
 30170 | Spider:4 | Reached skill level 15 in Fighting
 30229 | Spider:4 | Got Buydoes's Textbook on the Dusty Voyage
 30349 | Spider:4 | Noticed Arachne
 30360 | Spider:4 | Killed Arachne
 30361 | Spider:4 | Reached skill level 21 in Unarmed Combat
 30667 | Orc:2    | Bought a box of beasts for 1280 gold pieces
 30812 | Shoals:1 | Entered Level 1 of the Shoals
 31178 | Shoals:1 | Found Adufoy's Mayhem Merchandise.
 32781 | Shoals:3 | Reached XP level 19. HP: 165/165 MP: 19/19
 33197 | Shoals:3 | Identified the +5 hand axe of Twilight {flame, rN+}
 33362 | Shoals:3 | Noticed Polyphemus
 33376 | Shoals:3 | Killed Polyphemus
 33605 | Shoals:3 | Found a runed translucent door.
 33609 | Shoals:3 | Identified a scroll of acquirement
 33650 | Shoals:3 | Acquired 1255 gold pieces
 33860 | Shoals:4 | Entered Level 4 of the Shoals
 34497 | Shoals:4 | Noticed Donald
 34506 | Shoals:4 | Killed Donald
 34507 | Shoals:4 | Reached skill level 10 in Evocations
 34521 | Shoals:4 | Identified the +0 helmet of Free Will {rC+ Dex+5 Stlth+}
 34524 | Shoals:4 | Reached skill level 22 in Unarmed Combat
 34681 | Shoals:4 | Got a barnacled rune of Zot
 35190 | D:10     | Bought a scroll of immolation for 80 gold pieces
 35190 | D:10     | Bought a scroll of silence for 190 gold pieces
 35192 | D:10     | Bought a potion of heal wounds for 75 gold pieces
 35192 | D:10     | Bought a potion of heal wounds for 75 gold pieces
 35192 | D:10     | Bought a potion of heal wounds for 75 gold pieces
 35192 | D:10     | Bought a potion of heal wounds for 75 gold pieces
 35192 | D:10     | Bought a potion of curing for 45 gold pieces
 35192 | D:10     | Bought a potion of curing for 45 gold pieces
 35192 | D:10     | Bought a potion of might for 60 gold pieces
 35263 | Vaults:1 | Entered Level 1 of the Vaults
 35265 | Vaults:1 | Found Vosalargh's Weapon Shoppe.
 35344 | Vaults:1 | Found a crumbling gateway.
 35348 | Desolati | Entered the Desolation of Salt
 35494 | Desolati | Identified the ring "Honox" {rF++ Int+6}
 35704 | Desolati | Identified the ring of Qazlal's Regard {rPois MP+9 Str-2
                  | Dex+6 Stlth+}
 35864 | Desolati | Identified the amulet "Paosim" {Acrobat Will- Int+7}
 35867 | Desolati | Got the Incunable of Stormy Translocation
 35870 | Desolati | Got the Atlas of Gases
 36009 | Desolati | Identified the ring "Ownewaen" {rF+ Int+3 Dex+2}
 36011 | Desolati | Identified the ring of the Divine Apricot {rElec Int+6
                  | Dex+4 Stlth+}
 36019 | Desolati | Got the Grimoire of Frore Moulding
 36035 | Desolati | Reached XP level 20. HP: 180/180 MP: 20/20
 36512 | Vaults:1 | Identified the +5 great sword "Siry" {flame, Fragile rElec
                  | rN+}
 36727 | Vaults:1 | Noticed Zenata
 36976 | Vaults:1 | Paralysed by a great orb of eyes for 5 turns
 37023 | Vaults:1 | Identified the +2 scimitar of the Blessed Realm {vamp,
                  | rElec}
 37031 | Vaults:1 | Killed Zenata
 37994 | Vaults:2 | Noticed Asterion
 38000 | Vaults:2 | Killed Asterion
 38001 | Vaults:2 | Reached skill level 23 in Unarmed Combat
 38230 | Vaults:3 | Noticed Sojobo
 38245 | Vaults:3 | Paralysed by an air elemental for 1 turns
 38269 | Vaults:3 | Killed Sojobo
 38627 | Vaults:3 | Identified the +9 battleaxe of the Shining Light {elec, rC+
                  | rN++ Will+++ Int-3}
 38705 | Vaults:3 | Found a staircase to the Crypt.
 38721 | Vaults:3 | Reached skill level 10 in Dodging
 38739 | Vaults:3 | Noticed Saint Roka
 38749 | Vaults:3 | Killed Saint Roka
 38985 | Vaults:3 | Reached XP level 21. HP: 198/198 MP: 21/21
 40190 | Vaults:4 | Found Xoiroubb's Magic Scroll Shop.
 40253 | Vaults:4 | Bought a scroll of teleportation for 57 gold pieces
 40253 | Vaults:4 | Bought a scroll of fog for 76 gold pieces
 40253 | Vaults:4 | Bought a scroll of butterflies for 76 gold pieces
 40253 | Vaults:4 | Bought a scroll of poison for 76 gold pieces
 40253 | Vaults:4 | Bought a scroll of poison for 76 gold pieces
 41050 | Vaults:4 | Identified the +7 flail "Tiathis" {heavy, rPois}
 41293 | D:9      | Killed Takeo's ghost
 41431 | Lair:4   | Killed Biomun's ghost
 41753 | Depths:1 | Entered Level 1 of the Depths
 41779 | Depths:1 | Bought a scroll of fear for 80 gold pieces
 41779 | Depths:1 | Bought a scroll of teleportation for 60 gold pieces
 41779 | Depths:1 | Bought a scroll of butterflies for 80 gold pieces
 41808 | Depths:1 | Reached skill level 24 in Unarmed Combat
 41939 | Depths:1 | Found a broken altar of Ashenzari.
 42030 | Depths:1 | Found Qistashru's General Store.
 42067 | Depths:1 | Noticed Aizul
 42072 | Depths:1 | Killed Aizul
 42295 | Depths:1 | Found Figof's Magic Scroll Boutique.
 42295 | Depths:1 | Found Ubieh's Assorted Antiques.
 42303 | Depths:1 | Bought a scroll of fog for 84 gold pieces
 42303 | Depths:1 | Bought 2 scrolls of fear for 168 gold pieces
 42309 | Depths:1 | Bought a potion of haste for 460 gold pieces
 42309 | Depths:1 | Bought a scroll of teleportation for 138 gold pieces
 42309 | Depths:1 | Bought 2 potions of berserk rage for 460 gold pieces
 42309 | Depths:1 | Bought a wand of acid (4) for 772 gold pieces
 42672 | Depths:1 | Found a gateway to Hell.
 42677 | Depths:1 | Reached XP level 22. HP: 211/211 MP: 22/22
 42904 | Depths:2 | Found a one-way gate leading to the halls of Pandemonium.
 43032 | Depths:2 | Noticed a caustic shrike
 43035 | Depths:2 | Killed a caustic shrike
 43382 | Depths:2 | Got the Spellbook of Stormy Damage
 43711 | Depths:2 | Found Buth's General Store.
 43715 | Depths:2 | Bought a potion of berserk rage for 100 gold pieces
 43715 | Depths:2 | Bought a potion of berserk rage for 100 gold pieces
 43715 | Depths:2 | Bought a scroll of fear for 80 gold pieces
 43921 | Depths:3 | Noticed a golden dragon
 43937 | Depths:3 | Killed a golden dragon
 44121 | Depths:3 | Noticed Vv
 44133 | Depths:3 | Killed Vv
 44194 | Depths:3 | Found Muxt's Distillery.
 44245 | Depths:3 | Bought a potion of curing for 39 gold pieces
 44245 | Depths:3 | Bought a potion of berserk rage for 65 gold pieces
 44245 | Depths:3 | Bought a potion of curing for 39 gold pieces
 44245 | Depths:3 | Bought a potion of heal wounds for 65 gold pieces
 44245 | Depths:3 | Bought a potion of curing for 39 gold pieces
 44245 | Depths:3 | Bought a potion of heal wounds for 65 gold pieces
 44245 | Depths:3 | Bought a potion of curing for 39 gold pieces
 44245 | Depths:3 | Bought 2 potions of haste for 260 gold pieces
 44245 | Depths:3 | Bought a potion of curing for 39 gold pieces
 44295 | Depths:3 | Found a one-way gateway to a ziggurat.
 44680 | Depths:3 | Found the +8 Vampire's Tooth {megavamp}
 44681 | Depths:3 | Noticed a golden dragon
 44695 | Depths:3 | Killed a golden dragon
 44791 | Depths:3 | Identified the +10 orcbow "Karoiku" {elec, Contam rN+ Will+
                  | rCorr}
 45597 | Depths:3 | Reached XP level 23. HP: 221/221 MP: 23/23
 45608 | Depths:3 | Reached skill level 25 in Unarmed Combat
 45864 | Depths:4 | Entered Level 4 of the Depths
 45880 | Depths:4 | Noticed Vruhak's ghost (veteran FoHu)
 45882 | Depths:4 | Found a runed translucent gate.
 45882 | Depths:4 | Found a runed translucent gate.
 46209 | Depths:4 | Found a runed translucent gate.
 46479 | Depths:4 | Found a gate to the Realm of Zot.
 47030 | Depths:4 | Killed Vruhak's ghost
 47370 | Vaults:5 | Entered Level 5 of the Vaults
 47778 | Vaults:5 | Reached XP level 24. HP: 212/212 MP: 23/23
 47808 | Vaults:5 | Identified the +4 broad axe of Painful Death {protect, Fly
                  | rElec}
 47917 | Vaults:5 | Identified the +6 longbow "Wupogeh" {heavy, rPois rF- rC++}
 48033 | Vaults:5 | Got a silver rune of Zot
 48165 | Vaults:5 | Reached skill level 26 in Unarmed Combat
 48346 | Vaults:5 | Identified the staff of Precise Incision {rElec rPois rN+
                  | Will+ Int+3 Necro}
 48360 | Vaults:5 | Got the Teachings on Charnel Pestilence
 48365 | Vaults:5 | Identified the ring of Ykaoh {EV+5 Int+3}
 48432 | Vaults:5 | Identified the +4 hand crossbow of Taaf {antimagic, Str+8
                  | Int-4}
 49319 | Orc:2    | Bought a phial of floods for 600 gold pieces
 49603 | Zot:1    | Entered Level 1 of the Realm of Zot
 49885 | Zot:1    | Noticed an orb of fire
 49892 | Zot:1    | Killed an orb of fire
 51382 | Elf:1    | Entered Level 1 of the Elven Halls
 51460 | Elf:1    | Found Janulidi's Weapon Boutique.
 51864 | Elf:2    | Found a runed translucent gate.
 51867 | Elf:2    | Found a runed translucent gate.
 51877 | Elf:2    | Found a runed translucent gate.
 52178 | Elf:3    | Entered Level 3 of the Elven Halls
 52263 | Elf:3    | Found Mevaukus's Jewellery Shop.
 52264 | Elf:3    | Found Jeolux's Book Emporium.
 52265 | Elf:3    | Found Ipnoil's Jewellery Shop.
 52474 | Elf:3    | Noticed Bai Suzhen
 52485 | Elf:3    | Killed Bai Suzhen
 52512 | Elf:3    | Reached XP level 25. HP: 245/245 MP: 23/23
 52891 | Elf:3    | Got the Grimoire of Shapes
 52894 | Elf:3    | Identified the +8 demon trident of Defiance {freeze, rCorr
                  | Str-2 Int+5}
 52899 | Elf:3    | Identified the +5 eveningstar of Wotwaebi {antimagic,
                  | Stlth+}
 52926 | Elf:3    | Identified the +2 pair of boots of Jeofem {*Corrode Will+
                  | Str+2 Dex+3}
 52961 | Elf:3    | Identified the staff "Ogee" {Will- Str+4 Dex+4 Earth}
 53002 | Elf:3    | Identified the ring "Toar" {Ice rElec Slay+2}
 53008 | Elf:3    | Identified the +8 glaive of Zehodoock {antimagic, rF+ rCorr
                  | Int+6}
 53261 | Elf:3    | Found Ypapac's Weapon Shoppe.
 54140 | Zot:2    | Noticed a Killer Klown
 54145 | Zot:2    | Killed a Killer Klown
 54766 | Zot:2    | Noticed a Killer Klown
 54904 | Zot:2    | Killed a Killer Klown
 55235 | Zot:3    | Noticed a Killer Klown
 55259 | Zot:3    | Killed a Killer Klown
 55262 | Zot:3    | Reached skill level 27 in Unarmed Combat
 55864 | Zot:3    | Noticed a Killer Klown
 55868 | Zot:3    | Killed a Killer Klown
 55928 | Zot:3    | Noticed an orb of fire
 55934 | Zot:3    | Killed an orb of fire
 56718 | Zot:4    | Found a large runed translucent door.
 56718 | Zot:4    | Found a large runed translucent door.
 56719 | Zot:4    | Found a large runed translucent door.
 56719 | Zot:4    | Found a large runed translucent door.
 56719 | Zot:4    | Found a shimmering altar of Xom.
 56719 | Zot:4    | Identified the +4 hand crossbow of Balotall {chaos, Int+3
                  | Dex+2}
 56722 | Zot:4    | Noticed a Killer Klown
 56723 | Zot:4    | Noticed a Killer Klown
 56727 | Zot:4    | Noticed a Killer Klown
 56728 | Zot:4    | Killed a Killer Klown
 56737 | Zot:4    | Identified the +6 great mace of Uguuvva {flame, rC+}
 56741 | Zot:4    | Killed a Killer Klown
 56742 | Zot:4    | Noticed a Killer Klown
 56747 | Zot:4    | Killed a Killer Klown
 56755 | Zot:4    | Killed a Killer Klown
 56760 | Zot:4    | Found a large runed translucent door.
 56760 | Zot:4    | Found a large runed translucent door.
 56761 | Zot:4    | Found a large runed translucent door.
 56761 | Zot:4    | Found a large runed translucent door.
 56768 | Zot:4    | Noticed a Killer Klown
 56768 | Zot:4    | Noticed a Killer Klown
 56773 | Zot:4    | Killed a Killer Klown
 56785 | Zot:4    | Killed a Killer Klown
 56884 | Zot:4    | Noticed a Killer Klown
 56884 | Zot:4    | Identified the +0 robe "Tychiomm" {Harm Will- Str+2 Dex+2}
 56884 | Zot:4    | Noticed a Killer Klown
 56912 | Zot:4    | Killed a Killer Klown
 56988 | Zot:4    | Reached skill level 15 in Dodging
 57174 | Zot:4    | Reached XP level 26. HP: 259/259 MP: 23/23
 57266 | Zot:4    | Identified the +2 spear of the Past {spect, rPois rN+++
                  | Str+3 Stlth-}
 57503 | Zot:5    | Entered Level 5 of the Realm of Zot
 58119 | Zot:5    | Noticed an ancient lich
 58119 | Zot:5    | Noticed an orb of fire
 58119 | Zot:5    | Noticed an orb of fire
 58120 | Zot:5    | Noticed an orb of fire
 58121 | Zot:5    | Killed an ancient lich
 58122 | Zot:5    | Killed an orb of fire
 58122 | Zot:5    | Noticed an orb of fire
 58126 | Zot:5    | Killed an orb of fire
 58135 | Zot:5    | Killed an orb of fire
 58135 | Zot:5    | Noticed an orb of fire
 58137 | Zot:5    | Gained mutation: Your magical capacity is low. (-10% MP)
                  | [an orb of fire]
 58138 | Zot:5    | Killed an orb of fire
 58144 | Zot:5    | Killed an orb of fire
 58144 | Zot:5    | Noticed an orb of fire
 58146 | Zot:5    | Gained mutation: Your mind is acute. (Int +4, Str/Dex -1)
                  | [an orb of fire]
 58148 | Zot:5    | Killed an orb of fire
 58156 | Zot:5    | Noticed an orb of fire
 58161 | Zot:5    | Killed an orb of fire
 58163 | Zot:5    | Noticed an orb of fire
 58171 | Zot:5    | Killed an orb of fire
 58192 | Zot:5    | Noticed a dread lich
 58205 | Zot:5    | Killed a dread lich
 58712 | Zot:5    | Got the Orb of Zot
 58845 | Zot:3    | Noticed Kusexzalei the pandemonium lord
 58852 | Zot:3    | Killed Kusexzalei the pandemonium lord
 58934 | Depths:4 | Noticed Guaqek the pandemonium lord
 59025 | D:15     | Gained mutation: Your magical capacity is very low. (-20%
                  | MP) [a neqoxec]
 59074 | D:14     | Noticed Golicvod the pandemonium lord
 59375 | D:$      | Escaped with the Orb!

Illustrated notes

Levels and vault maps discovered:
D:1:      sevenhm_arrival_forest_fort_small_6, layout_basic, serial_shops, shop
D:2:      layout_loops_ring, shapermc_ecumenical_altar_mp_ritualfount
D:3:      layout_basic, minmay_misc_feat_square
D:4:      layout_basic, nicolae_overflow_hidden_temple, uniq_edmund
D:5:      layout_loops_ring, uniq_pikel, uniq_crazy_yiuf_cottage
D:6:      layout_cave_pods
D:7:      layout_cave_pods, mainiacjoe_overflow_tiny_flanked,
          mainiacjoe_overflow_paths, minmay_temple_entry_large_hall,
          serial_shops, shop
D:8:      layout_basic, serial_shops, nicolae_shop_tiny_waterfront, uniq_joseph,
          uniq_maurice, uniq_psyche
D:9:      layout_basic, gammafunk_ghost_nasty_kobolds
D:10:     layout_basic, mainiacjoe_overflow_concentric_impassable,
          dpeg_oklobed_lair, eino_jars
D:11:     layout_roguey, minmay_orc_entry_temple_small, uniq_lodul
D:12:     layout_cave_pools
D:13:     layout_layer_cave, lightli_vaults_fourway_checkpoint
D:14:     ragdoll_tomb_raider, layout_irregular_city, serial_bayou_shore_b
D:15:     grunt_enter_depths_snipers, layout_stronghold,
          grunt_dithmenos_smoke_and_mirrors, serial_column_ruins,
          column_ruins_temple_circle, column_ruins_hut, column_ruins_open_tiny,
          column_ruins_grid_4, column_ruins_open_tiny,
          column_ruins_columns_straight, column_ruins_columns_corner
Lair:1:   layout_gridlike, grunt_megastairs_1, uniq_grum, uniq_nergalle,
          uniq_maggie
Lair:2:   layout_long_grid, special_room, gammafunk_ghost_hive,
          beast_lair_carwin_11, uniq_amaemon, uniq_gastronok
Lair:3:   layout_long_grid, shoals_dummy_entry, spider_nest_entry_web_field,
          grunt_megastairs_4
Lair:4:   layout_small_grid, dpeg_slime_entry_enclosed,
          gammafunk_ghost_abyssal_escape, uniq_josephine
Lair:5:   evilmike_catoblepas_cave, layout_concentric_octagons, disabler_island,
          uniq_rupert
Shoals:1: layout_shoals, minmay_shop_mayhem, nicolae_shoals_flooded_hall
Shoals:2: layout_shoals, nicolae_shoals_undead_eyrie
Shoals:3: nicolae_shoals_offshore_bank_account, layout_shoals,
          nicolae_shoals_spectral_cove, uniq_polyphemus
Shoals:4: shoals_end_hangedman, layout_shoals, uniq_donald
Spider:1: layout_spider_delve, portal_ice_cave_entry_frozen_things, uniq_nikola
Spider:2: layout_spider_delve, hellmonk_deceptive_appearances, uniq_agnes
Spider:3: layout_spider_delve, gammafunk_ghost_grave
Spider:4: hellmonk_spider_rune_bug_friends, uniq_arachne
Orc:1:    layout_caves, nicolae_orc_bridge_out, uniq_snorg
Orc:2:    st_orc_ogre_mass, layout_caves
Elf:1:    elf_arrival_001, layout_geoelf_diagonals, serial_shops, shop,
          minmay_elf_necromancy
Elf:2:    elven_hall_of_blades_hangedman_original [nicolae_blade_bullseye],
          layout_onion_city
Elf:3:    minmay_elf_hall, layout_onion_city, serial_shops,
          nicolae_lakefront_shop, minmay_shop_grove, uniq_bai_suzhen
Vaults:1: portal_desolation_entry_nicolae_forbidding_blocks, vaults_mumra_lcd,
          vaults_room_pool, grunt_vaults_swirl, v_misc_3,
          nicolae_vaults_alarming, vaults_room_corners, v_misc_24,
          nicolae_vaults_tetromino_Z_2, vaults_dpeg_emergency_exit,
          nicolae_vaults_yaktaur_gun_rack, nicolae_vaults_three_branches,
          nicolae_vaults_surprise_closet_hard, layout_vaults_omnibox,
          serial_glass, serial_shops, nicolae_shop_tiny_waterfront, uniq_zenata
Vaults:2: nicolae_vaults_diamond_2, v_misc_8, v_pattern_4,
          nicolae_vaults_storage_closets_2, hangedman_vaults_capsules,
          nicolae_vaults_trapezoid_lopsided_1, hangedman_vaults_stagger,
          nicolae_vaults_ninety_degrees, nicolae_vaults_two_Ls,
          nicolae_vaults_tetromino_Z_1, nicolae_vaults_tetromino_L_1, v_rooms_3,
          layout_vaults_maze_snakey, uniq_asterion
Vaults:3: minmay_crypt_entry_simple_corners,
          nicolae_vaults_door_testing_chamber, vaults_room_octagon,
          ontoclasm_vaults_hangar, nicolae_vaults_cochlea,
          ontoclasm_vaults_spin, nicolae_vaults_sightless_eye, v_rooms_1,
          layout_vaults_big_room, uniq_saint_roka, uniq_sojobo
Vaults:4: nicolae_vaults_weapon_check, ontoclasm_vaults_bender, v_misc_4,
          v_pattern_5, vaults_standard_mumra_x, v_misc_25,
          layout_vaults_quadrants, serial_shops, shop
Vaults:5: serial_shops
Depths:1: layout_gridville, hell_entry, serial_shops, shop, roderic_lattice_a,
          evilmike_ruin_ashenzari, minmay_shoptagon, uniq_aizul
Depths:2: minmay_the_grid_square_5x5_4x4
          [minmay_the_grid_square_5x5_beaten_path,
          minmay_the_grid_square_5x5_fat_x, minmay_the_grid_square_5x5_longway,
          minmay_the_grid_square_5x5_broken_cross,
          minmay_the_grid_square_5x5_two_small,
          minmay_the_grid_square_5x5_prize_deathbox,
          minmay_the_grid_square_5x5_prize_gold,
          minmay_the_grid_square_5x5_checkered,
          minmay_the_grid_square_5x5_percent,
          minmay_the_grid_square_5x5_prize_rear_guard,
          minmay_the_grid_square_5x5_prize_monsterx,
          minmay_the_grid_square_5x5_trominoes,
          minmay_the_grid_square_5x5_three_walls,
          minmay_the_grid_square_5x5_moneybag,
          minmay_the_grid_square_5x5_hourglass,
          minmay_the_grid_square_5x5_bite], layout_cave_pools, hell_entry,
          pan_entry, minmay_shop_star
Depths:3: kennysheep_water_balloons, layout_basic, enter_ziggurat_c,
          serial_shops, kennysheep_little_box, serial_curves, eino_curves_03,
          eino_curves_01, minmay_room_of_horrors, hell_entry,
          minmay_checkered_concentric_circles, uniq_vv
Depths:4: grunt_zot_entry_bicorn, layout_gridville, bh_walls_and_bars,
          gammafunk_ghost_split, hell_entry, kennysheep_kite_vault
Zot:1:    layout_cathedral_of_symmetry, skrybe_zot_glass_3
Zot:2:    layout_concentric_octagons, lemuel_elevator
Zot:3:    kennysheep_ambush_hall, layout_onion, hangedman_spider_trapstep
Zot:4:    kennysheep_six_static_rooms, layout_twisted_circle,
          hangedman_xom_zot_hilarity
Zot:5:    layout_basic

Skill      XL: |  1  2  3  4  5  6  7  8  9 10 11 12 13 14 15 16 17 18 19 20 21 22 23 24 25 26 |
---------------+-------------------------------------------------------------------------------+-----
Unarmed Combat | 3 4 5 6 7 8 10 11 13 14 16 18 19 20 21 22 23 24 25 26 27 | 27.0
Fighting       | 3 4 5 7 8 9 10 11 12 13 14 16 17 19 20 21 22 24 25 26 | 26.8
Evocations     | 1 3 5 7 9 10 | 10.0
Shapeshifting  | 5 7 9 10 12 14 15 16 17 18 19 20 21 22 | 22.8
Dodging        | 3 5 7 8 10 11 12 13 15 16 | 16.0

Action                     |  1- 3 |  4- 6 |  7- 9 | 10-12 | 13-15 | 16-18 | 19-21 | 22-24 | 25-27 || total
---------------------------+-------+-------+-------+-------+-------+-------+-------+-------+-------++-------
  Melee: Unarmed           |    67 |    83 |   143 |   411 |   739 |   678 |   987 |   948 |   552 ||  4608
         Tailslap          |     5 |     5 |    28 |    28 |    44 |    99 |   164 |   167 |   103 ||   643
         Punch             |     3 |       |       |       |    42 |    85 |   140 |   159 |   102 ||   531
         Constrict         |       |       |       |    73 |    70 |       |       |       |       ||   143
         Bite              |       |       |       |       |    32 |    74 |   124 |   134 |    73 ||   437
  Throw: Boomerang         |    57 |    69 |    85 |       |       |       |       |       |       ||   211
         Dart              |       |       |       |     1 |       |       |       |       |       ||     1
 Invoke: Call Merchant     |       |       |       |       |     2 |     1 |     5 |       |       ||     8
         Potion Petition   |       |       |       |       |       |       |       |     2 |       ||     2
         Bribe Branch      |       |       |       |       |       |       |       |       |     3 ||     3
Ability: Begin Untransform |     1 |       |       |       |       |       |       |       |     1 ||     2
         Breathe Lightning |       |       |    10 |     6 |    10 |     5 |     6 |     1 |     1 ||    39
  Evoke: Wand              |       |     6 |    20 |    31 |    16 |    25 |     8 |    23 |     8 ||   137
         Lightning rod     |       |       |       |       |       |     3 |     1 |       |       ||     4
         Condenser vane    |       |       |       |       |       |     1 |     5 |       |       ||     6
         Box of beasts     |       |       |       |       |       |     1 |     4 |       |     1 ||     6
         Phantom mirror    |       |       |       |       |       |       |     2 |       |       ||     2
    Use: Potion            |       |     2 |       |     3 |     7 |     3 |     3 |     8 |     5 ||    31
         Scroll            |       |       |    11 |    11 |     6 |     5 |     5 |     6 |     2 ||    46
   Stab: Sleeping          |     2 |       |       |       |     8 |     7 |     5 |     8 |       ||    30
         Paralysed         |       |       |    15 |    14 |     9 |       |       |       |       ||    38
         Distracted        |       |       |       |     4 |     5 |     9 |    12 |    13 |     5 ||    48
         Invisible         |       |       |       |     4 |    17 |       |       |     2 |       ||    23
         Petrified         |       |       |       |       |     3 |       |       |       |       ||     3
 Armour: Skin              |    16 |    44 |    41 |   103 |   251 |   238 |   273 |   235 |   121 ||  1322
  Dodge: Dodged            |    32 |    31 |    58 |   141 |   346 |   390 |   554 |   434 |   236 ||  2222
   Form: Beast             |     1 |       |       |       |       |     1 |       |       |       ||     2
         Anaconda          |       |       |       |     1 |       |       |       |       |       ||     1
         Dragon            |       |       |       |       |     2 |     1 |       |       |     1 ||     4
         Blade             |       |       |       |       |     1 |     1 |       |       |       ||     2
         Statue            |       |       |       |       |       |       |       |       |     1 ||     1

Table legend: (Time is in decaauts)
 A = Elapsed time spent in this place.
 B = Non-inter-level travel time spent in this place.
 C = Inter-level travel time spent in this place.
 D = Time resting spent in this place.
 E = Time spent auto-exploring this place.
 F = Levels seen in this place.
 G = Mean time per level.
                   A        B        C        D        E       F      G
               +--------+--------+--------+--------+--------+-----+--------+
         Total |  57819 |  50058 |   7761 |   1262 |  38252 |  49 | 1180.0 |
       Dungeon |  18352 |  14057 |   4295 |    354 |  11147 |  15 | 1223.5 |
          Lair |   8914 |   7686 |   1228 |    285 |   5762 |   5 | 1782.8 |
        Shoals |   4141 |   3971 |    170 |     21 |   3009 |   4 | 1035.2 |
   Spider Nest |   3092 |   2990 |    102 |     40 |   2283 |   4 |  773.0 |
  Orcish Mines |   1291 |   1091 |    200 |      0 |    799 |   2 |  645.5 |
   Elven Halls |   2309 |   2088 |    221 |      0 |   1674 |   3 |  769.7 |
        Vaults |   6768 |   6255 |    513 |     39 |   4803 |   5 | 1353.6 |
        Depths |   5593 |   5028 |    565 |     93 |   3880 |   4 | 1398.2 |
           Zot |   6054 |   5592 |    462 |    308 |   4137 |   5 | 1210.8 |
      Ice Cave |    579 |    579 |      0 |      0 |    385 |   1 |  579.0 |
    Desolation |    721 |    721 |      0 |    119 |    371 |   1 |  721.0 |
               +--------+--------+--------+--------+--------+-----+--------+

Top non-repeatable levels by time:
  Lair:5: 2363 daAuts
  Lair:1: 2184 daAuts
Depths:3: 2040 daAuts
    D:13: 1851 daAuts
  Lair:4: 1708 daAuts
   Zot:1: 1601 daAuts
Vaults:5: 1563 daAuts
  Lair:2: 1528 daAuts
    D:14: 1517 daAuts
    D:10: 1516 daAuts
Vaults:4: 1505 daAuts
     D:5: 1478 daAuts
   Elf:3: 1474 daAuts
Vaults:3: 1450 daAuts
    D:11: 1379 daAuts
